 Dungeon Crawl Stone Soup version 0.18.1-48-g4cf74bf (webtiles) character file.

2341 Gargoyl the Protected (level 9, -6/71 HPs)
             Began as a Demonspawn Abyssal Knight on July 4, 2016.
             Was a Priest of Lugonu.
             Mangled by Doomgape's ghost (8 damage)
             ... on level 6 of the Dungeon.
             The game lasted 00:15:34 (8555 turns).

Gargoyl the Protected (Demonspawn Abyssal Knight)   Turns: 8555, Time: 00:15:34

Health: -6/71      AC: 20    Str: 19    XL:     9   Next: 20%
Magic:  4/12       EV:  6    Int: 14    God:    Lugonu [***...]
Gold:   105        SH:  0    Dex: 12    Spells: 0 memorised, 8 levels left

rFire  . . .     SeeInvis .     i - +0 war axe
rCold  . . .     Gourm    .     e - +0 plate armour
rNeg   . . .     Faith    .     (no shield)
rPois  .         Spirit   .     (no helmet)
rElec  .         Dismiss  .     o - +2 cloak {MR+}
rCorr  .         Reflect  .     (no gloves)
SustAt +         Harm     .     (no boots)
MR     +....                    (no amulet)
Stlth  ..........               A - ring of sustain attributes
                                u - +3 ring of strength

@: somewhat resistant to hostile enchantments, extremely unstealthy
A: hooves 2, molten scales 2, foul stench 1, rot immunity
a: Depart the Abyss, Bend Space, Banish, Renounce Religion


You were on level 6 of the Dungeon.
You worshipped Lugonu.
Lugonu was most pleased with you.
You were hungry.

You visited 1 branch of the dungeon, and saw 8 of its levels.
You visited the Abyss 1 time.

You collected 229 gold pieces.
You spent 124 gold pieces at shops.

Inventory:

Hand Weapons
 a - a +2 hand axe
 i - a +0 war axe (weapon)
Missiles
 x - 6 tomahawks of returning (quivered)
Armour
 e - a +0 plate armour (worn)
 o - a +2 cloak of magic resistance (worn)
Jewellery
 u - a +3 ring of strength (left hand)
 A - a ring of sustain attributes (right hand)
Wands
 k - a wand of disintegration (2/24)
Scrolls
 d - a scroll of magic mapping
 f - 3 scrolls of amnesia
 l - 2 scrolls of identify
 n - a scroll of enchant armour
 p - 4 scrolls of remove curse
 y - 2 scrolls of fog
Potions
 b - a potion of might {unknown}
 h - 2 potions of cure mutation {unknown}
 j - 2 potions of magic {unknown}
 m - a potion of curing
 q - 2 potions of mutation {unknown}
 r - a potion of lignification
 s - a potion of haste
 t - a potion of berserk rage {unknown}
 w - 2 potions of degeneration {unknown}
 z - a potion of heal wounds
Comestibles
 c - 5 bread rations
 g - 4 meat rations
 D - a beef jerky


   Skills:
 + Level 6.7 Fighting
 + Level 5.1 Axes
 * Level 8.2 Armour
 + Level 2.0 Dodging
 + Level 0.8 Stealth
 + Level 4.0 Invocations


You had 8 spell levels left.
You didn't know any spells.

Dungeon Overview and Level Annotations

Branches:
Dungeon (8/15)             Temple (0/1) D:7
   Lair: D:8-11

Altars:
Cheibriados
Gozag
Kikubaaqudgha
Okawaru
Pakellas
Qazlal
Vehumet
The Shining One

Shops:
D:5 !*

Annotations:
D:6 Doomgape's ghost, novice OgBe


Innate Abilities, Weirdness & Mutations

You have hoof-like feet.
You are mostly covered in molten scales (AC +3, EV -1).
You may emit foul miasma when damaged in melee.
You are immune to rotting.


Message History

Doomgape's ghost hits you but does no damage.
You closely miss Doomgape's ghost. Doomgape's ghost hits you!
Press: ? - help, Shift-Dir - straight line, f - Doomgape's ghost
Aim: Doomgape's ghost (chance to defeat MR: 51%) Doomgape's ghost resists with significant effort.
You feel somewhat more hungry.
You are feeling hungry.
Doomgape's ghost hits you!
Press: ? - help, Shift-Dir - straight line, f/p - Doomgape's ghost
Aim: Doomgape's ghost (chance to defeat MR: 51%)
You fail to use your ability.
Doomgape's ghost hits you!!
* * * LOW HITPOINT WARNING * * *
You emit a cloud of foul miasma!
Press: ? - help, Shift-Dir - straight line, f/p - Doomgape's ghost
Aim: Doomgape's ghost (foul pestilence, chance to defeat MR: 51%) Doomgape's ghost resists with significant effort.
You feel somewhat more hungry.
Doomgape's ghost screams, "You will never get the ORB!"
Doomgape's ghost hits you!
You die...

........).......
(.#.##.....####.
..#.....#.......##
...... ####.....# #...#
#.....# #... #.....#
#... #.....#
#...#######.....###.
####....@..............
.........W..###.#####.
.......((...# #.#
............###.#
####............#
#...########.# #... #.#
#... #.# #... #.#


You could see Doomgape's ghost.

Vanquished Creatures
  The ghost of raetorn the Charmwright, an amateur NaSk (D:4)
  A wyvern (D:7)
  3 ice beasts
  An ogre (D:7)
  2 centaurs
  A big kobold (D:3)
  A jelly (D:7)
  5 howler monkeys
  A crimson imp (D:5)
  A quasit (D:7)
  A centaur zombie (D:5)
  Crazy Yiuf (D:3)
  An orc priest (D:7)
  A centaur skeleton (D:5)
  3 giant frog skeletons
  4 orc wizards
  A hound (D:4)
  2 iguanas (D:5)
  Jessica (D:3)
  Natasha (D:2)
  3 worker ants (D:7)
  A hound skeleton (D:6)
  A howler monkey skeleton (D:4)
  7 adders
  A shadow imp (D:7)
  An ooze (D:1)
  An adder zombie (D:4)
  An adder skeleton (D:4)
  2 worms
  2 dart slugs
  4 giant geckos
  14 orcs
  A ball python (D:2)
  3 giant cockroaches
  13 goblins
  7 hobgoblins
  4 jackals (D:7)
  11 kobolds
  A quokka (D:7)
  6 bats
  A giant gecko skeleton (D:7)
  A giant gecko zombie (D:6)
  7 giant newts
  2 jackal skeletons
  A quokka skeleton (D:4)
  6 rats
135 creatures vanquished.

Vanquished Creatures (others)
  The ghost of Gargoyl the Protected, a novice DsAK of Lugonu (D:7)
  An orc warrior (D:7)
  2 crimson imps (D:5)
  A jelly (D:7)
  A starspawn tentacle (Abyss:1)
  8 starspawn tentacle segments (Abyss:1)
14 creatures vanquished.

Grand Total: 149 creatures vanquished

Notes
Turn   | Place    | Note
--------------------------------------------------------------
     0 | Abyss:1  | Gargoyl the Demonspawn Abyssal Knight began the quest for the Orb.
     0 | Abyss:1  | Reached XP level 1. HP: 18/18 MP: 2/2
    87 | Abyss:1  | Found a corrupted altar of Lugonu.
   184 | Abyss:1  | Found a corrupted altar of Lugonu.
   235 | Abyss:1  | Noticed a raiju
   251 | Abyss:1  | Noticed a tentacled starspawn
   270 | D:1      | Escaped the Abyss
   402 | D:1      | Reached * piety under Lugonu
   430 | D:1      | Gained mutation: You are immune to rotting. [demonic ancestry]
   430 | D:1      | Reached XP level 2. HP: 21/24 MP: 3/3
   500 | D:1      | Reached skill level 2 in Armour
   530 | D:1      | Reached skill level 1 in Dodging
   878 | D:2      | Gained mutation: You are partially covered in molten scales (AC +1). [demonic ancestry]
   878 | D:2      | Reached XP level 3. HP: 26/30 MP: 4/4
  1440 | D:2      | Noticed Natasha
  1447 | D:2      | Killed Natasha
  1447 | D:2      | Reached XP level 4. HP: 30/37 MP: 5/5
  1548 | D:2      | Reached ** piety under Lugonu
  1620 | D:2      | Found a snail-covered altar of Cheibriados.
  2366 | D:3      | Reached skill level 3 in Armour
  2824 | D:3      | Noticed a big kobold
  2843 | D:3      | Killed a big kobold
  2843 | D:3      | Gained mutation: You have large cloven feet. [demonic ancestry]
  2843 | D:3      | Reached XP level 5. HP: 34/43 MP: 6/6
  2928 | D:3      | Noticed Jessica
  2940 | D:3      | Killed Jessica
  2987 | D:3      | Noticed Crazy Yiuf
  3003 | D:3      | HP: 1/43 [Crazy Yiuf/quarterstaff of chaos (7)]
  3012 | D:3      | Killed Crazy Yiuf
  3012 | D:3      | Reached skill level 4 in Armour
  3044 | D:3      | HP: 3/64 [poisoned by Crazy Yiuf]
  3622 | D:4      | Found an opulent altar of Gozag.
  3720 | D:4      | Noticed raetorn's ghost (amateur NaSk)
  3731 | D:4      | Reached XP level 6. HP: 49/49 MP: 7/7
  3767 | D:4      | Killed raetorn's ghost
  3767 | D:4      | Reached skill level 5 in Armour
  3788 | D:4      | Gained mutation: You are mostly covered in molten scales (AC +3, EV -1). [demonic ancestry]
  3788 | D:4      | Reached XP level 7. HP: 6/55 MP: 8/8
  4522 | D:4      | Reached skill level 5 in Fighting
  4537 | D:4      | Found a radiant altar of Vehumet.
  4692 | D:5      | Entered Level 5 of the Dungeon
  4698 | D:5      | Found an iron altar of Okawaru.
  4700 | D:5      | Found a glowing golden altar of the Shining One.
  4700 | D:5      | Found an ancient bone altar of Kikubaaqudgha.
  4740 | D:5      | Reached *** piety under Lugonu
  4760 | D:5      | Found an oddly glowing altar of Pakellas.
  5020 | D:5      | Found Gimmah's Assorted Antiques.
  5042 | D:5      | Bought a potion of curing for 69 gold pieces
  5256 | D:5      | Found Tufiar's Distillery.
  5265 | D:5      | Bought a potion of heal wounds for 55 gold pieces
  5308 | D:5      | Reached skill level 6 in Armour
  5588 | D:5      | Found a stormy altar of Qazlal.
  6250 | D:6      | Gained mutation: You may emit foul miasma when damaged in melee. [demonic ancestry]
  6250 | D:6      | Reached XP level 8. HP: 32/63 MP: 10/10
  6443 | D:6      | Noticed Doomgape's ghost (novice OgBe)
  6483 | D:7      | Reached skill level 7 in Armour
  6834 | D:7      | Found a staircase to the Ecumenical Temple.
  6997 | D:7      | Noticed Gargoyl's ghost (novice DsAK)
  7002 | D:7      | Banished Gargoyl's ghost
  7325 | D:7      | Gained mutation: You have hoof-like feet. [demonic ancestry]
  7325 | D:7      | Reached XP level 9. HP: 21/71 MP: 11/11
  7348 | D:7      | Reached skill level 8 in Armour
  7693 | D:7      | Reached skill level 5 in Axes
  8554 | D:6      | HP: 1/71 [Doomgape's ghost (24)]
  8555 | D:6      | Mangled by Doomgape's ghost

Skill      XL: |  1  2  3  4  5  6  7  8  9 |
---------------+----------------------------+-----
Armour         | 2 3 4 5 6 7 8 |  8.2
Dodging        | 1 2 |  2.0
Axes           | 2 3 4 5 |  5.1
Fighting       | 4 5 6 |  6.7
Invocations    | 3 4 |  4.0
Stealth        | |  0.8

Action                   |  1- 3 |  4- 6 |  7- 9 || total
-------------------------+-------+-------+-------++-------
Melee: Hand axe          |   119 |   247 |   227 ||   593
       Kick              |       |    31 |   124 ||   155
       War axe           |       |       |   168 ||   168
Invok: Depart the Abyss  |     1 |       |       ||     1
       Banish            |       |       |     6 ||     6
  Use: Potion            |       |     5 |     2 ||     7
       Scroll            |       |     3 |    10 ||    13
 Stab: Invisible         |       |     2 |       ||     2
  Eat: Chunk             |     2 |     6 |    12 ||    20
       Fruit             |       |     4 |     3 ||     7
       Pizza             |       |       |     1 ||     1
Armor: Plate armour      |   127 |   192 |   433 ||   752
       Skin              |       |     5 |       ||     5
Dodge: Dodged            |    24 |    53 |   139 ||   216
